 Dungeon Crawl Stone Soup version 0.24-a0-123-ga2403f3307 (webtiles) character file.

Game seed: 3050989977213090684

877 cuptan the Gusty (level 8, -2/54 HPs)
             Began as an Octopode Air Elementalist on Feb 20, 2019.
             Was a Follower of Nemelex Xobeh.
             Killed from afar by a twister (15 damage)
             ... with a tornado
             ... summoned by a card of wild magic
             ... on level 5 of the Dungeon.
             The game lasted 00:08:58 (5375 turns).

cuptan the Gusty (Octopode Air Elementalist)        Turns: 5375, Time: 00:08:58

Health: -2/54      AC:  1    Str: 10    XL:     8   Next: 4%
Magic:  11/11      EV: 15    Int: 17    God:    Nemelex Xobeh [*.....]
Gold:   251        SH:  0    Dex: 12    Spells: 1/11 levels left

rFire    . . .     SeeInvis +   h - +2 dagger (venom)
rCold    . . .     Gourm    .   (no shield)
rNeg     . . .     Faith    .   (helmet restricted)
rPois    .         Spirit   .   (no amulet)
rElec    .         Reflect  .   y - ring of see invisible
rCorr    .         Harm     .   (no ring)
MR       .....                  (no ring)
Stlth    +++.......             (no ring)
HPRegen  0.18/turn              (no ring)
MPRegen  0.12/turn              (no ring)
                                (no ring)
                                (no ring)

@: flying (expiring)
A: almost no armour, stealthy swim, amphibious, 8 rings, constrict 8, camouflage
1, gelatinous body 1
a: Draw Escape, Draw Destruction, Draw Summoning, Renounce Religion


You were on level 5 of the Dungeon.
You worshipped Nemelex Xobeh.
Nemelex Xobeh was aware of your devotion.
You were not hungry.

You visited 2 branches of the dungeon, and saw 6 of its levels.

You collected 251 gold pieces.

Inventory:

Hand Weapons
 d - a +0 club
 e - a +0 short sword
 h - a +2 dagger of venom (weapon)
 k - a +1 whip of draining
 q - a +1 dagger of freezing
 r - a +0 falchion
 A - a +1 broad axe of draining
 B - a cursed -3 flail
Missiles
 a - 3 throwing nets (quivered) {!f}
 c - 23 sling bullets
 E - 4 steel tomahawks
Armour
 i - a +0 shield
Jewellery
 y - a ring of see invisible (left tentacle)
Wands
 j - a wand of scattershot (10)
Scrolls
 l - a scroll of blinking
 o - 3 scrolls of remove curse {@r2}
 p - a scroll of random uselessness {unknown}
 s - 5 scrolls of teleportation {unknown}
 t - a scroll of fear {unknown}
 w - a scroll of enchant armour {unknown}
Potions
 f - a potion of might
 g - 7 potions of curing {@q1}
 m - a potion of brilliance
 n - 3 potions of ambrosia
 u - 2 potions of heal wounds {unknown}
 v - a potion of mutation {unknown}
 x - a potion of haste {unknown}
 z - a potion of agility {unknown}
Comestibles
 b - 8 rations
 C - 3 chunks of flesh


   Skills:
 + Level 4.0 Fighting
 - Level 4.0 Short Blades
 * Level 3.0 Axes
 * Level 4.1 Dodging
 - Level 2.6 Stealth
 - Level 2.0 Spellcasting
 - Level 2.0 Conjurations
 - Level 4.1 Air Magic
 + Level 1.9 Invocations


You had one spell level left.
You knew the following spells:

 Your Spells              Type           Power        Failure   Level  Hunger
a - Shock                 Conj/Air       ##..         5%          1    #......
b - Swiftness             Chrm/Air       #.......     13%         2    ###....
c - Static Discharge      Conj/Air       ##......     17%         3    ###....
d - Airstrike             Air            ###.......   34%         4    #####..

Your spell library contained the following spells:

 Spells                   Type           Power        Failure   Level  Hunger
 Lightning Bolt           Conj/Air       ##........   83%         5    ######.


Dungeon Overview and Level Annotations

Branches:
Dungeon (5/15)             Temple (1/1) D:4

Altars:
Ashenzari
Cheibriados
Dithmenos
Elyvilon
Fedhas
Gozag
Kikubaaqudgha
Makhleb
Nemelex Xobeh
Okawaru
Ru
Sif Muna
Vehumet
Zin
The Shining One

Annotations:
D:3 exclusion: oklob plant
D:4 1 exclusion


Innate Abilities, Weirdness & Mutations

You cannot wear most types of armour.
You are very stealthy in the water. (Stealth+)
You are amphibious.
You can wear up to eight rings at the same time.
You can use your tentacles to constrict eight enemies at once.
Your skin changes colour to match your surroundings (Stealth+).
Your rubbery body absorbs attacks. (AC +1, EV +1)


Message History

Found a stone staircase leading down.
You see here a worker ant corpse.
You butcher the worker ant corpse.
C - 3 chunks of flesh An ogre comes into view.
It is wielding a +0 giant club.
The ogre shouts!
The ogre hits you with a +0 giant club!!
You closely miss the ogre. You hit the ogre.
The ogre is poisoned.
The ogre hits you with a +0 giant club!
You draw a card...
You have drawn Wild Magic.
A huge vortex of air appears!
You feel a surge of magic. The ogre misses you.
The vortex of raging winds lifts you up.
You fly up into the air.
* * * LOW HITPOINT WARNING * * *
Your Fighting skill increases to level 4!
Your Axes skill increases to level 3!
You have reached level 8!
You feel a bit more experienced.
You die...
Your body glows slightly and disappears.

### ##.#. ... .. #..
...[... #.
#.#########........
#.#...........#.#.
#.#....§§§§.§§§§.
##.#.....§§§§#§#§# #
.........§§§§§§§§# .#
.#.#.......#O#§§§#..#
.#.#......§#v#§§@#..#
.#.#.....§§§§§§§....#
.#.#######§#§#§§.#.##..
.#.# ###§§§§§......
.#.# ###§.§..##.. .#.#
#.........# .#
#.......... .#
#......... .#
#.........


There were no monsters in sight!

Vanquished Creatures
  Sigmund (D:2)
  2 scorpions (D:4)
  2 orc wizards (D:4)
  4 hounds
  An orc priest (D:4)
  Jessica (D:2)
  5 worker ants
  4 adders
  8 gnolls
  2 oozes
  A dart slug (D:2)
  5 leopard geckos
  3 orcs (D:4)
  2 ball pythons
  3 giant cockroaches
  6 goblins
  13 hobgoblins
  3 jackals (D:2)
  3 quokkas
  18 bats
  A frilled lizard (D:1)
  A jackal skeleton (D:4)
  9 kobolds
  4 rats
102 creatures vanquished.

Vanquished Creatures (collateral kills)
  An ogre (D:5)
1 creature vanquished.

Vanquished Creatures (others)
  20 toadstools (D:3)
20 creatures vanquished.

Grand Total: 123 creatures vanquished

Notes
Turn   | Place    | Note
-------+----------+-------------------------------------------
     0 | D:1      | cuptan the Octopode Air Elementalist began the quest for
                  | the Orb.
     0 | D:1      | Reached XP level 1. HP: 11/11 MP: 3/3
   170 | D:1      | Reached skill level 1 in Fighting
   170 | D:1      | Reached XP level 2. HP: 18/18 MP: 5/5
   465 | D:1      | Reached XP level 3. HP: 24/24 MP: 6/6
  1112 | D:2      | Noticed Jessica
  1118 | D:2      | Killed Jessica
  1118 | D:2      | Reached skill level 1 in Short Blades
  1118 | D:2      | Reached XP level 4. HP: 29/29 MP: 7/7
  1835 | D:2      | Noticed Sigmund
  1841 | D:2      | Killed Sigmund
  1841 | D:2      | Reached XP level 5. HP: 24/36 MP: 8/8
  1841 | D:2      | Reached XP level 6. HP: 28/42 MP: 9/9
  2406 | D:2      | Learned a level 2 spell: Swiftness
  2410 | D:2      | Learned a level 3 spell: Static Discharge
  3024 | D:3      | Found a faded altar of an unknown god.
  3343 | D:3      | Found a blossoming altar of Fedhas.
  3363 | D:3      | Noticed an oklob plant
  3577 | D:4      | Reached XP level 7. HP: 46/46 MP: 10/10
  3684 | D:4      | Found a staircase to the Ecumenical Temple.
  3705 | D:4      | Reached skill level 1 in Axes
  3879 | Temple   | Entered the Ecumenical Temple
  3997 | Temple   | Became a worshipper of Nemelex Xobeh the Trickster
  4082 | D:4      | Received a gift from Nemelex Xobeh
  4506 | D:3      | Learned a level 4 spell: Airstrike
  4574 | D:4      | Reached skill level 1 in Invocations
  4884 | D:4      | Found a glowing silver altar of Zin.
  5227 | D:5      | Entered Level 5 of the Dungeon
  5293 | D:5      | Reached * piety under Nemelex Xobeh
  5375 | D:5      | Reached XP level 8. HP: 13/54 MP: 11/11
  5375 | D:5      | Killed from afar by a twister

Levels and vault maps discovered:
D:1:      dpeg_arrival_erosion, layout_basic, minmay_ruptured
D:2:      layout_loops_corners, corexii_item_surrounded_by_moat,
          minmay_pentomino_w4, uniq_jessica, uniq_sigmund
D:3:      layout_loops_corners, tgw_fedhas, chequers_ecumenical_altar_island,
          first_ration, cheibrodos_gnoll_hut
D:4:      layout_loops_ring, zin_scriptorium, minmay_temple_entry_mini_moons
D:5:      layout_basic, glass_columns_b, serial_park_tiny_2
Temple:   nicolae_temple_x_marks_the_god

Skill      XL: |  1  2  3  4  5  6  7 |
---------------+----------------------+-----
Fighting       | 1 2 3 4 |  4.0
Short Blades   | 1 3 4 |  4.0
Conjurations   | 2 |  2.0
Air Magic      | 4 |  4.1
Axes           | 3 |  3.0
Dodging        | 4 |  4.1
Invocations    | 1 |  1.9
Stealth        | |  2.6
Spellcasting   | |  2.0

Action                   |  1- 3 |  4- 6 |  7- 9 || total
-------------------------+-------+-------+-------++-------
Melee: Tentacles         |     9 |    15 |    15 ||    39
       Short sword       |    17 |       |       ||    17
       Unarmed           |     2 |       |       ||     2
       Constrict         |    14 |    21 |    15 ||    50
       Dagger            |    39 |    85 |    71 ||   195
 Cast: Shock             |    14 |     8 |     7 ||    29
 Abil: Draw Destruction  |       |       |     2 ||     2
  Use: Scroll            |       |     4 |     2 ||     6
 Stab: Sleeping          |     5 |     7 |     2 ||    14
       Distracted        |       |     1 |       ||     1
  Eat: Chunk             |       |     9 |     5 ||    14
Armor: Skin              |    15 |     6 |     2 ||    23
Dodge: Dodged            |    50 |    55 |    40 ||   145

Table legend:
 A = Non-vault XP
 B = Vault XP
 C = Vault XP percentage of total XP
 D = Non-vault monster count
 E = Vault monster count
 F = Vault count percentage of total count
                 A         B        C        D         E       F
            +---------+---------+-------+---------+---------+-------
      Total |     870 |     383 |  30.6 |      88 |      15 |  14.6
            +---------+---------+-------+---------+---------+-------
        D:1 |      54 |       6 |  10.0 |      31 |       4 |  11.4
        D:2 |      67 |     277 |  80.5 |      23 |       8 |  25.8
        D:3 |      77 |     100 |  56.5 |      10 |       3 |  23.1
        D:4 |     506 |       0 |   0.0 |      20 |       0 |   0.0
        D:5 |     166 |       0 |   0.0 |       4 |       0 |   0.0
            +---------+---------+-------+---------+---------+-------
